 Dungeon Crawl Stone Soup version 0.29.1-13-g9f3cf754e1 (webtiles) character file.

Game seed: 2682407257694602270

20981 Saba the Marksgargoyle (level 12, -4/86 HPs)
             Began as a Gargoyle Hunter on Feb 4, 2023.
             Slain by an eight-headed hydra (6 damage)
             ... on level 3 of the Lair of Beasts.
             The game lasted 00:23:03 (13327 turns).

Saba the Marksgargoyle (Gargoyle Hunter)           Turns: 13327, Time: 00:23:03

Health: -4/86      AC: 16    Str: 15    XL:     12   Next: 85%
Magic:  12/12      EV: 29    Int: 11    God:
Gold:   772        SH:  8    Dex: 29    Spells: 11/11 levels left

rFire   + . .      SeeInvis .   k - +7 sling of Weasomu {venom, rF+ Dex+6}
rCold   . . .      Faith    .   B - +0 buckler
rNeg    + . .      Spirit   .   t - +0 scale mail
rPois   ∞          Reflect  .   (no helmet)
rElec   +          Harm     .   U - scarf {repulsion}
rCorr   .          Rampage  .   s - +0 pair of gloves
Will    .....                   p - +0 pair of boots
Stlth   +.........              w - amulet of the acrobat
HPRegen 0.24/turn               n - +4 ring of evasion
MPRegen 0.13/turn               V - +6 ring of dexterity

@: acrobatic, repel missiles
A: sickness immunity, AC +8, negative energy resistance 1, electricity
resistance, torment resistance 1, petrification resistance
a: no special abilities


You were on level 3 of the Lair of Beasts.
You visited 3 branches of the dungeon, and saw 14 of its levels.
You also visited: Sewer.

You collected 772 gold pieces.

Inventory:

Hand Weapons
 k - the +7 sling of Weasomu (weapon) {venom, rF+ Dex+6}
   (You found it on level 2 of the Dungeon)

   Any ammunition fired from it poisons the flesh of those it strikes.
   Dex:       It affects your dexterity (+6).
   rF:        It protects you from fire.
 y - the +5 morningstar of Ashenzari's Pride {vorpal, rC- Str+6 Int+4}
   (You found it in a sewer)

   It inflicts extra damage upon your enemies.
   Str:       It affects your strength (+6).
   Int:       It affects your intelligence (+4).
   rC:        It makes you vulnerable to cold.
 Q - a +4 shortbow
Armour
 p - a +0 pair of boots (worn)
 s - a +0 pair of gloves (worn)
 t - a +0 scale mail (worn)
 B - a +0 buckler (worn)
 U - a scarf of repulsion (worn)
Jewellery
 i - a ring of protection from fire
 n - a +4 ring of evasion (left hand)
 w - an amulet of the acrobat (around neck)
 I - a ring of protection from cold
 M - the amulet "Xaorob" {Spirit rN+ Int+4 Dex-3}
   (You found it on level 7 of the Dungeon)

   [amulet of guardian spirit]

   It causes incoming damage to be divided between your reserves of health and
   magic.
   Int:       It affects your intelligence (+4).
   Dex:       It affects your dexterity (-3).
   rN:        It protects you from negative energy.
 R - a +4 ring of evasion
 T - a +4 ring of evasion
 V - a +6 ring of dexterity (right hand)
 W - an amulet of magic regeneration
Wands
 a - a wand of digging (4)
 A - a wand of polymorph (24)
 E - a wand of flame (14)
 P - a wand of charming (5)
Scrolls
 b - 2 scrolls of immolation
 d - 2 scrolls of silence {unknown}
 e - 4 scrolls of magic mapping {unknown}
 f - 2 scrolls of fear {unknown}
 g - a scroll of brand weapon {unknown}
 j - 5 scrolls of vulnerability {unknown}
 o - 3 scrolls of teleportation {unknown}
 q - 4 scrolls of amnesia {unknown}
 r - 13 scrolls of identify {unknown}
 u - a scroll of acquirement {unknown}
 x - 2 scrolls of enchant weapon {unknown}
 K - a scroll of poison {unknown}
 L - a scroll of enchant armour {unknown}
 N - a scroll of noise {unknown}
Potions
 c - 3 potions of lignification
 h - 3 potions of flight {unknown}
 l - 2 potions of berserk rage {unknown}
 m - 5 potions of curing {unknown}
 v - 6 potions of heal wounds {unknown}
 z - a potion of might {unknown}
 C - 2 potions of brilliance {unknown}
 D - a potion of magic {unknown}
 F - 3 potions of degeneration {unknown}
 G - a potion of attraction {unknown}
 H - 3 potions of cancellation {unknown}
 J - a potion of resistance {unknown}
 S - a potion of ambrosia {unknown}
Miscellaneous
 O - a phial of floods


   Skills:
 + Level 14.4 Fighting
 - Level 15.0 Ranged Weapons
 - Level 1.6 Dodging
 - Level 1.4 Stealth
 + Level 8.2 Shields


You had 11 spell levels left.
You didn't know any spells.
Your spell library contained the following spells:

 Spells                   Type           Power      Damage    Failure   Level
 Apportation              Tloc           0%         N/A       88%         1
 Magic Dart               Conj           0%         1d3       88%         1
 Necrotise                Necr           0%         1d4       88%         1
 Sting                    Tmut/Pois      0%         1d3       88%         1
 Call Imp                 Summ           0%         N/A       95%         2
 Poisonous Vapours        Pois/Air       0%         N/A       95%         2
 Call Canine Familiar     Summ           0%         N/A       99%         3
 Gell's Gravitas          Tloc           0%         N/A       99%         3
 Mephitic Cloud           Conj/Pois/Air  0%         N/A       99%         3
 Portal Projectile        Hex/Tloc       0%         N/A       99%         3
 Teleport Other           Tloc           0%         N/A       99%         3
 Vampiric Draining        Necr           0%         2d6       99%         3
 Leda's Liquefaction      Hex/Erth       0%         N/A       100%        4
 Olgreb's Toxic Radiance  Pois           0%         N/A       100%        4
 Petrify                  Tmut/Erth      0%         N/A       100%        4
 Agony                    Necr           0%         N/A       100%        5
 Alistair's Intoxication  Tmut/Pois      0%         N/A       100%        5
 Freezing Cloud           Conj/Ice/Air   0%         6-21      100%        5
 Metabolic Englaciation   Hex/Ice        0%         N/A       100%        5
 Dispersal                Tloc           0%         N/A       100%        6
 Simulacrum               Ice/Necr       0%         N/A       100%        6
 Polar Vortex             Ice            0%         N/A       100%        9
 Statue Form              Tmut/Erth      Unusable   N/A       N/A         6

Dungeon Overview and Level Annotations

Branches:
Dungeon (10/15)            Temple (1/1) D:6            Lair (3/5) D:10
  Swamp (0/4) Lair:2        Snake (0/4) Lair:3        Sewer (visited)
    Orc: D:9-12

Altars:
Ashenzari
Cheibriados
Dithmenos
Elyvilon
Fedhas
Gozag
Hepliaklqana
Kikubaaqudgha
Makhleb
Nemelex Xobeh
Okawaru
Qazlal
Ru
Sif Muna
Trog
Uskayaw
Vehumet
Wu Jian
Xom
Yredelemnul
Zin
The Shining One


Innate Abilities, Weirdness & Mutations

You are immune to sickness and miasma.
Your stone body is resilient. (AC +8)
You are immune to poison.
You resist negative energy. (rN+)
You are resistant to electric shocks. (rElec)
You are resistant to unholy torment.
You are immune to petrification.


Message History

The eight-headed hydra bites you. The eight-headed hydra misses you.
The eight-headed hydra closely misses you.
You block the eight-headed hydra's attack.
The eight-headed hydra closely misses you.
The eight-headed hydra completely misses you.
You block the eight-headed hydra's attack.
The eight-headed hydra completely misses you.
The eight-headed hydra bites you!
The eight-headed hydra barely misses you.
The eight-headed hydra completely misses you.
You block the eight-headed hydra's attack.
The eight-headed hydra bites you but does no damage.
The eight-headed hydra bites you!
* * * LOW HITPOINT WARNING * * *
The eight-headed hydra attacks as you move away!
The eight-headed hydra bites you but does no damage.
You block the eight-headed hydra's attack. x2
The eight-headed hydra barely misses you.
The eight-headed hydra bites you!
* * * LOW HITPOINT WARNING * * *
The eight-headed hydra completely misses you. x2
The eight-headed hydra misses you.
The eight-headed hydra attacks as you move away!
The eight-headed hydra bites you but does no damage. x2
You block the eight-headed hydra's attack.
The eight-headed hydra barely misses you.
The eight-headed hydra completely misses you.
You block the eight-headed hydra's attack.
The eight-headed hydra completely misses you. x2
The eight-headed hydra attacks as you move away!
The eight-headed hydra bites you.
* * * LOW HITPOINT WARNING * * *
The eight-headed hydra misses you.
The eight-headed hydra completely misses you.
The eight-headed hydra barely misses you.
The eight-headed hydra bites you!
* * * LOW HITPOINT WARNING * * *
The eight-headed hydra closely misses you.
The eight-headed hydra bites you.
You die...

#.......#~~≈~.>~≈≈≈~###
##.#P..#~~~≈≈~..~≈≈..P# #..
#...#P.~≈~≈~~≈~~.PP# .....
##.....~~≈≈≈≈≈≈~....
.....##.#..##.~~≈~~~~~###.
#............#####.......## #.
............#....##.#.#.## ##
............P#D..#########
.......##......@###
........P...#...##
............##...###
............#†#....##### ####
.............#.........####..####
...............#.[..............#
.................#...............
.....P........#####.#..##P..#....
.#..##......### ###.#.#####....


You could see an eight-headed hydra.

Vanquished Creatures
  A boulder beetle (D:10)
  2 two-headed ogres (D:10)
  A bog body (Lair:2)
  A deep elf pyromancer (D:7)
  5 elephants (Lair:3)
  A black mamba (Lair:1)
  5 cane toads
  A torpor snail (Lair:2)
  A kobold demonologist (D:8)
  5 komodo dragons
  A rime drake (Lair:2)
  A polar bear (Lair:2)
  A hornet (D:10)
  Sigmund (D:3)
  4 blink frogs (Lair:2)
  13 yaks
  A wraith (D:10)
  A basilisk (Lair:1)
  3 wyverns
  4 steam dragons
  4 swamp worms (Lair:2)
  11 water moccasins
  Duvessa (D:5)
  4 sky beasts
  4 black bears
  2 orc warriors
  3 ice beasts
  6 wolves (Lair:1)
  2 ogres
  9 centaurs
  14 kobold brigands
  11 bullfrogs
  2 necrophages
  14 wights
  Dowan (D:5)
  6 killer bees (D:9)
  A howler monkey (D:4)
  3 electric eels
  4 hounds
  A jelly (D:7)
  3 orc priests
  4 gnoll boudas
  3 iguanas
  7 orc wizards
  Terence (D:3)
  14 adders
  25 gnolls
  2 river rats (D:5)
  2 shadow imps (D:8)
  2 white imps
  2 ufetubi
  2 worms (D:5)
  A dart slug (D:2)
  51 orcs
  12 ball pythons
  23 endoplasms
  10 giant cockroaches
  5 goblins
  10 hobgoblins
  15 jackals
  13 quokkas
  5 bats
  14 frilled lizards
  36 kobolds
  11 kobold skeletons (D:8)
  7 kobold zombies (D:8)
  11 rats
447 creatures vanquished.

Vanquished Creatures (others)
  A bullfrog (D:7)
  2 kobolds (D:7)
  45 fungi
  41 plants
89 creatures vanquished.

Grand Total: 536 creatures vanquished

Notes
Turn   | Place    | Note
-------+----------+-------------------------------------------
     0 | D:1      | Saba the Gargoyle Hunter began the quest for the Orb.
     0 | D:1      | Reached XP level 1. HP: 12/12 MP: 1/1
   269 | D:1      | Reached XP level 2. HP: 18/18 MP: 2/2
   581 | D:1      | Reached XP level 3. HP: 22/22 MP: 3/3
   956 | D:2      | Reached XP level 4. HP: 27/28 MP: 4/4
   957 | D:2      | Reached skill level 5 in Ranged Weapons
  1085 | D:2      | Identified the +7 sling of Weasomu {venom, rF+ Dex+6}
  1480 | D:2      | Found a faded altar of an unknown god.
  1707 | D:3      | Noticed Sigmund
  1716 | D:3      | Killed Sigmund
  1717 | D:3      | Reached skill level 6 in Ranged Weapons
  1717 | D:3      | Reached XP level 5. HP: 33/33 MP: 5/5
  1717 | D:3      | Reached XP level 6. HP: 38/38 MP: 6/6
  1986 | D:3      | Noticed Terence
  1990 | D:3      | Killed Terence
  2368 | D:4      | Found a glowing golden altar of the Shining One.
  2458 | D:4      | Reached skill level 7 in Ranged Weapons
  2458 | D:4      | Reached XP level 7. HP: 40/44 MP: 7/7
  2513 | D:4      | Reached skill level 5 in Fighting
  2867 | D:4      | Reached skill level 8 in Ranged Weapons
  3013 | D:4      | Reached XP level 8. HP: 51/51 MP: 8/8
  3218 | D:5      | Entered Level 5 of the Dungeon
  3233 | D:5      | Noticed Duvessa
  3234 | D:5      | Noticed Dowan
  3240 | D:5      | Killed Duvessa
  3243 | D:5      | Killed Dowan
  3374 | D:5      | Found a glowing drain.
  3413 | Sewer    | Entered a sewer
  3528 | Sewer    | Reached skill level 9 in Ranged Weapons
  3737 | Sewer    | Identified the +5 morningstar of Ashenzari's Pride {vorpal,
                  | rC- Str+6 Int+4}
  4544 | D:6      | Reached skill level 10 in Ranged Weapons
  4544 | D:6      | Reached XP level 9. HP: 42/57 MP: 9/9
  5003 | D:6      | Found a staircase to the Ecumenical Temple.
  5183 | D:7      | Reached skill level 11 in Ranged Weapons
  5301 | D:7      | Noticed a deep elf pyromancer
  5307 | D:7      | Killed a deep elf pyromancer
  5308 | D:7      | Reached skill level 12 in Ranged Weapons
  5308 | D:7      | Reached XP level 10. HP: 35/66 MP: 10/10
  5364 | D:7      | Noticed a gargoyle
  5920 | D:7      | Found a burning altar of Makhleb.
  5923 | D:7      | Found a broken altar of Ashenzari.
  5937 | D:7      | Found an opulent altar of Gozag.
  5940 | D:7      | Found a shimmering blue altar of Sif Muna.
  6108 | Temple   | Entered the Ecumenical Temple
  6523 | D:7      | Identified the amulet "Xaorob" {Spirit rN+ Int+4 Dex-3}
  7184 | D:8      | Reached skill level 13 in Ranged Weapons
  7367 | D:8      | Reached skill level 10 in Fighting
  7708 | D:8      | Noticed a kobold demonologist
  7720 | D:8      | Killed a kobold demonologist
  7736 | D:8      | Reached XP level 11. HP: 63/73 MP: 11/11
  7803 | D:8      | Found an ancient bone altar of Kikubaaqudgha.
  8252 | D:9      | Reached skill level 14 in Ranged Weapons
  8724 | D:9      | Found a hide-covered altar of Uskayaw.
  8807 | D:10     | Entered Level 10 of the Dungeon
  8854 | D:10     | Found a stormy altar of Qazlal.
  8888 | D:10     | Noticed a two-headed ogre
  8897 | D:10     | Killed a two-headed ogre
  9042 | D:10     | Found a staircase to the Lair.
  9082 | D:10     | Noticed a two-headed ogre
  9106 | D:10     | Killed a two-headed ogre
  9385 | D:10     | Reached skill level 15 in Ranged Weapons
  9514 | D:10     | Noticed a boulder beetle
  9525 | D:10     | Killed a boulder beetle
 10051 | D:10     | Found a shimmering altar of Xom.
 10077 | D:10     | Found an iron altar of Okawaru.
 10340 | Lair:1   | Entered Level 1 of the Lair of Beasts
 10351 | Lair:1   | Reached skill level 1 in Shields
 10606 | Lair:1   | Reached XP level 12. HP: 53/82 MP: 12/12
 11349 | Lair:1   | Reached skill level 5 in Shields
 12594 | Lair:2   | Found a staircase to the Swamp.
 13152 | Lair:3   | Found a staircase to the Snake Pit.
 13306 | Lair:3   | Noticed an eight-headed hydra
 13327 | Lair:3   | HP: 2/86 [eight-headed hydra (13)]
 13327 | Lair:3   | Slain by an eight-headed hydra

Illustrated notes

Levels and vault maps discovered:
D:1:      kennysheep_arrival_seaside, layout_basic
D:2:      wander_river, layout_basic, basic_ecumenical_altar,
          grunt_decor_junction, minmay_guardbox
D:3:      layout_rooms, corexii_item_surrounded_by_moat, eino_tiny_chamber,
          uniq_sigmund, uniq_terence
D:4:      lemuel_castle_with_subvaults [lemuel_castle_interior_carwin_3],
          layout_loops_ring, mainiacjoe_overflow_surrounded_room
D:5:      layout_basic, portal_sewer_entry_c, uniq_duvessa
D:6:      layout_rooms, minmay_temple_entry_purple_smoke,
          kennysheep_big_empty_room, grunt_decor_resistance, feat_on_display
D:7:      layout_loops_ring, grunt_temple_overflow_cloverleaf,
          serial_bayou_pond_a, hex_medium, eino_tiny_chamber, nzn_random_ring
D:8:      wander_kiku_kobolds, layout_loops_ring, grunt_ministairs_1
D:9:      layout_roguey, marbit_many_paths, hangedman_abyss_or_decor_clamps,
          kennysheep_generic_room_11
D:10:     layout_basic, lemuel_doored_altar, mainiacjoe_overflow_two_lobes,
          due_lair_maze_entry_diamond
Temple:   dshaligram_water_room_temple
Lair:1:   layout_loops_ring, ldierk_geyser
Lair:2:   layout_concentric_octagons, nicolae_swamp_entry_splash_gauntlet,
          serial_bayou_shore_b
Lair:3:   layout_layer_cave, dummy_snake_entry, infiniplex_staircase_pool_2,
          grunt_megastairs_5

Skill      XL: |  1  2  3  4  5  6  7  8  9 10 11 12 |
---------------+-------------------------------------+-----
Fighting       | 3 4 5 7 9 10 12 14 | 14.4
Ranged Weapons | 6 7 8 10 12 13 15 | 15.0
Shields        | 3 8 |  8.2
Dodging        | |  1.6
Stealth        | |  1.4

Action                   |  1- 3 |  4- 6 |  7- 9 | 10-12 || total
-------------------------+-------+-------+-------+-------++-------
Melee: Sling             |       |       |     1 |       ||     1
 Fire: Shortbow          |    70 |    11 |       |       ||    81
       Sling             |       |    88 |   400 |   705 ||  1193
  Use: Scroll            |       |       |       |     2 ||     2
       Potion            |       |       |       |     1 ||     1
Armor: Leather armour    |    13 |     5 |       |       ||    18
       Scale mail        |       |       |    60 |    98 ||   158
Dodge: Dodged            |    15 |    14 |   116 |   240 ||   385
       Repelled          |       |       |       |     2 ||     2
Block: Buckler           |       |       |       |    72 ||    72
